 Dungeon Crawl Stone Soup version 0.31-a0-167-g1c394c0614 (webtiles) character file.

Game seed: 3815579920674372211

575 qw the Shooter (level 7, -1/44 HPs)
             Began as a Gargoyle Hunter on June 14, 2023.
             Slain by an orc priest
             ... wielding a +0 short sword
              (4 damage)
             ... on level 4 of the Dungeon.
             The game lasted 00:01:22 (2783 turns).

qw the Shooter (Gargoyle Hunter)                    Turns: 2783, Time: 00:01:22

Health: -1/44      AC: 15    Str: 15    XL:     7   Next: 35%
Magic:  7/7        EV: 11    Int:  9    God:
Gold:   198        SH:  0    Dex: 15    Spells: 6/6 levels left

rFire   . . .        Y - +1 shortbow
rCold   . . .        (shield currently unavailable)
rNeg    + . .        e - +0 ring mail
rPois   inf          (no helmet)
rElec   +            (no cloak)
rCorr   .            i - +0 pair of gloves
SInv    .            (no boots)
Will    .....        (no amulet)
Stlth   +            g - +4 ring of protection
HPRegen 0.27/turn    (no ring)
MPRegen 0.10/turn

%: no passive effects
@: no status effects
A: sickness immunity, AC +4, negative energy resistance 1, electricity
resistance, torment resistance 1, petrification resistance
a: no special abilities


You were on level 4 of the Dungeon.
You visited 1 branch of the dungeon, and saw 4 of its levels.
You also visited: Sewer.

You collected 198 gold pieces.


Innate Abilities, Weirdness & Mutations

You are immune to sickness and miasma.
Your stone body is resilient. (AC +4)
You are immune to poison.
You resist negative energy. (rN+)
You are resistant to electric shocks. (rElec)
You are resistant to unholy torment.
You are immune to petrification.


   Skills:
 - Level 4.4 Fighting
 + Level 7.7 Ranged Weapons
 - Level 1.2 Armour
 - Level 1.5 Dodging
 - Level 1.1 Stealth


You had 6 spell levels left.
You didn't know any spells.
Your spell library was empty.

Inventory:

Hand Weapons
 Y - a +1 shortbow (weapon)
Armour
 e - a +0 ring mail (worn)
 i - a +0 pair of gloves (worn)
Jewellery
 a - the ring "Nenuph" {rElec rC- Str+6 Int+5 Stlth+}
   (You acquired it in a sewer)

   [ring of strength]

   Str:       It affects your strength (+6).
   Int:       It affects your intelligence (+5).
   rC:        It makes you vulnerable to cold.
   rElec:     It insulates you from electricity.
   Stlth:     It makes you more stealthy.
 g - a +4 ring of protection (left hand)
Scrolls
 o - a scroll of identify
Potions
 b - a potion of magic {unknown}
 c - a potion of attraction {unknown}
 d - a potion of curing
 f - a potion of haste {unknown}
 h - a potion of heal wounds {unknown}
 j - a potion of lignification {unknown}
 k - a potion of ambrosia {unknown}
 l - a potion of might
 m - a potion of invisibility {unknown}

Dungeon Overview and Level Annotations

Branches:
Dungeon (4/15)              Sewer (visited)
 Temple: D:4-7

Altars:
Elyvilon
Ru
Wu Jian


Message History

The orc barely misses you. x2
You shoot an arrow.
The arrow hits the orc but does no damage.
The orc misses you. The orc hits you but does no damage.
You shoot an arrow. The arrow hits the orc.
The orc is heavily wounded.
The orc barely misses you.
The orc priest calls down the wrath of Beogh upon you.
Beogh smites you! The orc hits you but does no damage.
You shoot an arrow.
The arrow hits the orc but does no damage.
The orc is heavily wounded.
The orc closely misses you. x2; The orc hits you with a +0 mace.
You shoot an arrow. The arrow hits the orc.
The orc is almost dead.
The orc priest completely misses you. The orc barely misses you.
The orc hits you but does no damage.
You shoot an arrow. The arrow hits the orc!
You kill the orc!
The orc priest hits you but does no damage.
The orc barely misses you.
You shoot an arrow. The arrow barely misses the orc priest.
The orc priest hits you with a +0 short sword.
The orc closely misses you.
You shoot an arrow.
The arrow closely misses the orc priest.
The orc priest invokes the aid of Beogh against you.
Pain shoots through your body! The orc misses you.
You shoot an arrow. The arrow hits the orc priest.
The orc priest is lightly wounded.
The orc priest hits you but does no damage.
The orc closely misses you.
You shoot an arrow.
The arrow closely misses the orc priest.
The orc priest hits you but does no damage.
The orc hits you but does no damage.
You shoot an arrow.
The arrow completely misses the orc priest.
The orc priest hits you with a +0 short sword.
You die...

#.......###
#....#.##
##.....#
##...## #...#
##.## ##.<#
#..#####...
#..@o)....#
#......)o......
##..########.#.
#.# #.) #. .


You could see an orc priest and an orc.

Vanquished Creatures
  A black bear (D:4)
  4 kobold brigands (Sewer)
  9 adders
  A gnoll (D:2)
  2 river rats (Sewer)
  2 worms
  A dart slug (D:3)
  3 orcs
  6 endoplasms
  7 giant cockroaches
  5 goblins
  7 hobgoblins
  3 jackals
  4 quokkas
  14 ball pythons
  3 bats (D:1)
  2 frilled lizards
  11 kobolds
  9 rats
94 creatures vanquished.

Notes
Turn   | Place    | Note
-------+----------+-------------------------------------------
     0 | D:1      | qw the Gargoyle Hunter began the quest for the Orb.
     0 | D:1      | Reached XP level 1. HP: 12/12 MP: 1/1
     0 | D:1      | 0 ||| qw: Version: 0.2-a-29-g1fa15c8
     0 | D:1      | 0 ||| qw: Game counter: 5100
     0 | D:1      | 0 ||| qw: Always use a shield: true
     0 | D:1      | 0 ||| qw: God list: Okawaru
     0 | D:1      | 0 ||| qw: Allow faded altars: false
     0 | D:1      | 0 ||| qw: Do Orc after D:15 true
     0 | D:1      | 0 ||| qw: Do second Lair branch before Depths: true
     0 | D:1      | 0 ||| qw: Lair rune preference: random
     0 | D:1      | 0 ||| qw: Plans: Normal, Zot:1-4, Slime:5, God:TSO, Crypt,
                  | Tomb, Abyss, Pan, Hells, Win
     0 | D:1      | 0 ||| PLANNING D:1-11
   101 | D:1      | Reached XP level 2. HP: 17/17 MP: 2/2
   284 | D:1      | Reached XP level 3. HP: 15/21 MP: 3/3
   351 | D:1      | Reached skill level 5 in Ranged Weapons
   532 | D:1      | 532 ||| UPGRADING to +0 ring mail.
   542 | D:1      | 542 ||| DROPPING +0 leather armour.
   543 | D:1      | 543 ||| UPGRADING to +0 pair of gloves.
   548 | D:1      | 548 ||| UPGRADING to +4 ring of protection.
   549 | D:1      | 549 ||| READING scroll labelled LACEMU AHIMM.
   550 | D:1      | 550 ||| DRINKING 2 fizzy white potions.
   551 | D:1      | 551 ||| DROPPING scroll of butterflies.
   579 | D:2      | Reached skill level 1 in Armour
   581 | D:2      | 581 ||| STAIRDANCE
   741 | D:2      | Found a white marble altar of Elyvilon.
   887 | D:2      | Reached XP level 4. HP: 27/27 MP: 4/4
  1199 | D:2      | Reached skill level 3 in Fighting
  1300 | D:2      | 1300 ||| DROPPING ring of flight.
  1301 | D:2      | 1301 ||| READING scroll labelled JUXEEN EZXAM.
  1302 | D:2      | 1302 ||| DRINKING 2 fizzy cyan potions.
  1407 | D:2      | 1407 ||| DROPPING potion of berserk rage.
  1455 | D:3      | 1455 ||| PLANNING SEWER
  1567 | D:3      | Found a glowing drain.
  1594 | Sewer    | Entered a sewer
  1597 | Sewer    | Noticed a kobold brigand
  1616 | Sewer    | HP: 3/28 [kobold brigand/+0 whip (7)]
  1617 | Sewer    | HP: 1/28 [kobold brigand/+0 whip (3)]
  1618 | Sewer    | Killed a kobold brigand
  1619 | Sewer    | Reached skill level 6 in Ranged Weapons
  1619 | Sewer    | Reached XP level 5. HP: 1/32 MP: 5/5
  1779 | Sewer    | Noticed a kobold brigand
  1787 | Sewer    | Killed a kobold brigand
  1788 | Sewer    | Reached XP level 6. HP: 39/39 MP: 6/6
  2044 | Sewer    | 2044 ||| Stepping ~*~*~tactically~*~*~ (water).
  2046 | Sewer    | 2046 ||| Stepping ~*~*~tactically~*~*~ (water).
  2048 | Sewer    | 2048 ||| Stepping ~*~*~tactically~*~*~ (water).
  2050 | Sewer    | 2050 ||| Stepping ~*~*~tactically~*~*~ (water).
  2055 | Sewer    | 2055 ||| Stepping ~*~*~tactically~*~*~ (water).
  2058 | Sewer    | 2058 ||| Stepping ~*~*~tactically~*~*~ (water).
  2062 | Sewer    | 2062 ||| Stepping ~*~*~tactically~*~*~ (water).
  2065 | Sewer    | 2065 ||| Stepping ~*~*~tactically~*~*~ (water).
  2068 | Sewer    | 2068 ||| Stepping ~*~*~tactically~*~*~ (water).
  2072 | Sewer    | Reached skill level 7 in Ranged Weapons
  2072 | Sewer    | Reached XP level 7. HP: 43/44 MP: 7/7
  2319 | Sewer    | 2319 ||| READING scroll labelled DAHYDU AGIB.
  2319 | Sewer    | Identified a scroll of acquirement
  2319 | Sewer    | 2319 ||| ACQUIRING ring "Nenuph" {rElec rC- Str+6 Int+5
                  | Stlth+}
  2319 | Sewer    | Acquired the ring "Nenuph" {rElec rC- Str+6 Int+5 Stlth+}
  2321 | Sewer    | 2321 ||| DRINKING 3 emerald potions.
  2322 | Sewer    | 2322 ||| DRINKING 2 green potions.
  2323 | Sewer    | 2323 ||| DROPPING 2 potions of brilliance.
  2328 | D:3      | 2328 ||| PLANNING D:1-11
  2490 | D:3      | Found a sacrificial altar of Ru.
  2509 | D:3      | 2509 ||| READING scroll labelled HUTETW TOPSEGG.
  2510 | D:3      | 2510 ||| READING scroll labelled XUMMUR WOANEAHIH.
  2556 | D:3      | Found an ornate altar of the Wu Jian Council.
  2776 | D:4      | HP: 10/44 [orc/+0 mace (2)]
  2780 | D:4      | HP: 2/44 [orc priest/nerve-wracking pain (4)]
  2783 | D:4      | Slain by an orc priest

Levels and vault maps discovered:
D:1:      dpeg_arrival_shelter, layout_basic
D:2:      layout_basic, basic_altar, kennysheep_generic_room_9
D:3:      layout_loops_ring, mainiacjoe_overflow_catch_the_wave,
          gup_sewer_entry_glass, grunt_ministairs_10
D:4:      layout_cave_pods, grunt_temple_overflow_forces_of_nature,
          minmay_temple_entry_sparse_star, minmay_fractal_squares_5, uniq_pikel

Skill      XL: |  1  2  3  4  5  6 |
---------------+-------------------+-----
Ranged Weapons | 5 6 7 |  7.7
Armour         | 1 |  1.2
Fighting       | 3 4 |  4.4
Dodging        | |  1.5
Stealth        | |  1.1

Action                     |  1- 3 |  4- 6 |  7- 9 || total
---------------------------+-------+-------+-------++-------
   Fire: Shortbow          |    95 |   124 |    62 ||   281
    Use: Scroll            |     1 |     1 |     3 ||     5
         Potion            |     1 |     1 |     2 ||     4
 Armour: Leather armour    |     8 |       |       ||     8
         Ring mail         |    11 |    28 |    47 ||    86
  Dodge: Dodged            |    19 |    45 |    48 ||   112

Table legend:
 A = Non-vault XP
 B = Vault XP
 C = Vault XP percentage of total XP
 D = Non-vault monster count
 E = Vault monster count
 F = Vault count percentage of total count
                 A         B        C        D         E       F
            +---------+---------+-------+---------+---------+-------
      Total |     273 |     549 |  66.8 |      60 |      34 |  36.2
            +---------+---------+-------+---------+---------+-------
        D:1 |      48 |       0 |   0.0 |      29 |       0 |   0.0
        D:2 |      42 |      14 |  25.0 |      15 |       2 |  11.8
        D:3 |      21 |      24 |  53.3 |      10 |       5 |  33.3
        D:4 |     162 |       0 |   0.0 |       6 |       0 |   0.0
      Sewer |       0 |     511 | 100.0 |       0 |      27 | 100.0
            +---------+---------+-------+---------+---------+-------
